Description

123

Replay - Высадка защитников РВ (20)

Build Order

Get SALT Encoding   

  12  0:01  Probe (Chrono Boost)  
  13  0:11  Probe (Chrono Boost)  
  14  0:17  Pylon  
  14  0:22  Probe (Chrono Boost)  
  16  0:35  Probe (Chrono Boost)  
  16  0:37  Gateway  
  16  0:43  Assimilator  
  16  0:46  Probe (Chrono Boost)  
  17  0:53  Assimilator  
  17  0:57  Probe (Chrono Boost)  
  18  1:07  Probe (Chrono Boost)  
  19  1:13  Gateway  
  19  1:18  Probe (Chrono Boost)  
  20  1:25  Cybernetics Core  
  20  1:30  Probe (Chrono Boost)  
  21  1:36  Pylon  
  21  1:41  Probe (Chrono Boost)  
  23  2:02  Adept x2  
  23  2:04  Warp Gate  
  27  2:08  Pylon  
  27  2:14  Mothership Core (Chrono Boost)  
  29  2:29  Stalker x2  
  33  2:56  Nexus  
  33  3:04  Sentry x2  
  36  3:21  Robotics Facility  
  36  3:45  Pylon  
  39  4:15  Stalker x2  
  45  4:27  Immortal  
  49  4:33  Twilight Council  
  49  4:37  Forge  
  54  5:01  Gateway  
  54  5:06  Immortal  
  60  5:14  Protoss Ground Weapons Level 1  
  60  5:18  Resonating Glaives, Pylon  
  62  5:27  Assimilator  
  62  5:33  Assimilator  
  65  5:50  Immortal  
  69  6:02  Photon Cannon  
  72  6:24  Adept x3  
  78  6:29  Nexus  
  79  6:36  Immortal  
  85  6:50  Charge  
  87  7:05  Protoss Ground Weapons Level 2  
  88  7:08  Zealot x2  
  94  7:17  Immortal  
  100  7:38  Zealot x3  
  109  7:59  Robotics Facility  
  109  8:01  Gateway x3  
  114  8:19  Templar Archives  
  115  8:22  Assimilator x2, Immortal  
  119  8:33  Zealot x3  
  129  8:45  Photon Cannon  
  129  8:53  Photon Cannon  
  129  8:55  Zealot x2  
  133  9:22  Forge  
  133  9:27  Immortal x2  
  141  9:32  Protoss Ground Weapons Level 3, High Templar x6  
  141  9:36  Archon x3, Nexus  
  153  9:43  Protoss Shields Level 1  
Spawning Tool Build Advisor. Get it on Overwolf

Go to:

Details

  • Created by: FLIGHTER
  • Published on: May 28, 2017
  • Modified on: May 28, 2017
  • Patch: 3.8.0
Show
View Real Time Build Order
Export as new Build Order

Comments (0)

There are no comments. Be the first!

Create an account to comment!